 Dungeon Crawl Stone Soup version 0.28.0-47-ge53b351184 (webtiles) character file.

Game seed: 14124725200133859135

296 bobregger the Cudgeller (level 6, -6/62 HPs)
             Began as an Ogre Berserker on May 9, 2022.
             Was a Believer of Trog.
             Mangled by an iguana (7 damage)
             ... on level 4 of the Dungeon.
             The game lasted 00:04:04 (3954 turns).

bobregger the Cudgeller (Ogre Berserker)            Turns: 3954, Time: 00:04:05

Health: -6/62      AC:  6    Str: 22    XL:     6   Next: 34%
Magic:  6/6        EV: 10    Int:  8    God:    Trog [**....]
Gold:   217        SH:  0    Dex: 10    Spells: 5/5 levels left

rFire   . . .      SeeInvis .   a - +0 mace
rCold   . . .      Faith    .   (no shield)
rNeg    . . .      Spirit   .   b - +0 animal skin
rPois   .          Reflect  .   (helmet restricted)
rElec   .          Harm     .   h - +2 cloak
rCorr   .          Rampage  .   (gloves unavailable)
Will    .....                   (boots unavailable)
Stlth   +.........              (no amulet)
HPRegen 0.20/turn               (no ring)
MPRegen 0.10/turn               (no ring)

@: lethally poisoned (-6 -> -14), hasted, very quick
A: large, unfitting armour, tough skin 1
a: Renounce Religion, Berserk, Trog's Hand


You were on level 4 of the Dungeon.
You worshipped Trog.
Trog was pleased with you.
You visited 1 branch of the dungeon, and saw 4 of its levels.

You collected 217 gold pieces.

Inventory:

Hand Weapons
 a - a +0 mace (weapon)
Armour
 b - a +0 animal skin (worn)
 h - a +2 cloak (worn)
Scrolls
 c - a scroll of amnesia {unknown}
 d - 2 scrolls of noise {unknown}
 f - 2 scrolls of teleportation {unknown}
 g - a scroll of enchant weapon {unknown}


   Skills:
 - Level 4.0 Fighting
 + Level 6.3 Maces & Flails
 - Level 2.6 Dodging


You had 5 spell levels left.
You didn't know any spells.
Your spell library was empty.

Dungeon Overview and Level Annotations

Branches:
Dungeon (4/15)
 Temple: D:4-7

Altars:
The Shining One

Shops:
D:4 (


Innate Abilities, Weirdness & Mutations

You are too large for most types of armour.
You have tough skin. (AC +1)


Message History

Found 15 stones.
The iguana hisses angrily.
An iguana comes into view.
The gnoll shaman calls upon its god to speed up the gnoll.
The gnoll seems to speed up.
The howler monkey hits you. The iguana bites you.
The howler monkey hoots and howls with incredible vigour!
You hear a shout! x2; You hear an angry hiss.
You hear a bark!
You hit the iguana but do no damage. The iguana barely misses you.
You barely miss the iguana.
The howler monkey completely misses you.
The iguana bites you. The scorpion barely misses you. The iguana bites you!
A goblin comes into view.
It is wielding a +1 dagger of venom and quivering datura-tipped darts.
You barely miss the iguana.
The goblin shouts!
The howler monkey completely misses you.
The iguana bites you! The scorpion stings you.
You are poisoned.
The scorpion poisons you! The gnoll hits you with a +0 club!
The howler monkey hits you. The iguana bites you.
* * * LOW HITPOINT WARNING * * *
It was a potion of haste.
You feel yourself speed up.
You feel very sick. The gnoll hits you with a +0 club.
* * * LOW HITPOINT WARNING * * *
The scorpion barely misses you. The iguana bites you.
* * * LOW HITPOINT WARNING * * *
The gnoll hits you with a +0 club.
* * * LOW HITPOINT WARNING * * *
The gnoll hits you with a +0 club.
* * * LOW HITPOINT WARNING * * *
The howler monkey barely misses you.
The gnoll shaman calls upon its god to speed up the gnoll.
The gnoll seems to speed up.
The iguana bites you but does no damage.
The scorpion stings you but does no damage.
Unknown command.
* * * LOW HITPOINT WARNING * * *
You feel sick. The iguana bites you!
You die...

#......##..............(.
......#................$..
......##.........g........
..........................
#.............#...##......
#####......#####ggg###.###
#......# #.sgh## ##
#.........#...g.###.
....##.##...@ll.[....
##.##........ #. #........
#( #........ #........
......... .........
.......


You could see a gnoll shaman, a scorpion, a howler monkey, 2 iguanas, 4 gnolls
and a goblin.

Vanquished Creatures
  A hound (D:4)
  A jelly (D:3)
  Crazy Yiuf (D:2)
  Natasha (D:1)
  2 orc wizards
  5 adders
  An adder skeleton (D:4)
  3 dart slugs (D:3)
  6 orcs
  7 ball pythons
  6 endoplasms
  2 giant cockroaches
  11 goblins
  12 hobgoblins
  3 quokkas
  3 bats
  3 frilled lizards
  4 kobolds
  2 rats
74 creatures vanquished.

Vanquished Creatures (others)
  3 fungi (D:2)
3 creatures vanquished.

Grand Total: 77 creatures vanquished

Notes
Turn   | Place    | Note
-------+----------+-------------------------------------------
     0 | D:1      | bobregger the Ogre Berserker began the quest for the Orb.
     0 | D:1      | Reached XP level 1. HP: 24/24 MP: 1/1
   206 | D:1      | Reached skill level 3 in Maces & Flails
   216 | D:1      | Reached XP level 2. HP: 15/32 MP: 2/2
  1318 | D:2      | Noticed Natasha
  1322 | D:2      | Noticed a crimson imp
  1328 | D:1      | Killed Natasha
  1329 | D:1      | Reached skill level 4 in Maces & Flails
  1329 | D:1      | Reached XP level 3. HP: 39/39 MP: 3/3
  1331 | D:1      | Reached XP level 4. HP: 48/48 MP: 4/4
  2030 | D:2      | Found a runed translucent door.
  2031 | D:2      | Noticed Crazy Yiuf
  2040 | D:2      | Killed Crazy Yiuf
  2041 | D:2      | Reached skill level 5 in Maces & Flails
  2041 | D:2      | Reached XP level 5. HP: 30/54 MP: 5/5
  2596 | D:3      | Found a faded altar of an unknown god.
  2609 | D:3      | Reached ** piety under Trog
  3549 | D:3      | Found a glowing golden altar of the Shining One.
  3613 | D:3      | Reached XP level 6. HP: 58/62 MP: 6/6
  3869 | D:3      | Reached skill level 6 in Maces & Flails
  3932 | D:4      | Found Qaneanwunn's Weapon Shop.
  3953 | D:4      | HP: 2/62 [gnoll/+0 club (4)]
  3954 | D:4      | Mangled by an iguana

Illustrated notes

Levels and vault maps discovered:
D:1:      evilmike_arrival_hilbert_curve, layout_basic
D:2:      layout_basic, kennysheep_decorative_pillar, uniq_crazy_yiuf_cottage,
          uniq_natasha
D:3:      layout_loops_ring, mainiacjoe_overflow_cross_hatched,
          ebering_ecumenical_altar_webs, st_stairs_6, eino_tiny_chamber,
          hangedman_abyss_or_decor_lesser_grid
D:4:      layout_cave_pools, serial_shops, shop

Skill      XL: |  1  2  3  4  5  6 |
---------------+-------------------+-----
Maces & Flails | 3 4 5 6 |  6.3
Fighting       | |  4.0
Dodging        | |  2.6

Action                   |  1- 3 |  4- 6 || total
-------------------------+-------+-------++-------
Melee: Mace              |    71 |   176 ||   247
       Punch             |     1 |     1 ||     2
Invok: Berserk           |     1 |     3 ||     4
       Trog's Hand       |       |     1 ||     1
  Use: Potion            |       |     3 ||     3
Armor: Animal skin       |    23 |    75 ||    98
       Skin              |       |     9 ||     9
Dodge: Dodged            |    60 |   104 ||   164
